 Dungeon Crawl Stone Soup version 0.30-a0-728-gc68057be0a (webtiles) character file.

Game seed: 544591173286903830

225 bmack86 the Chopper (level 5, 0/43 (47) HPs)
             Began as a Minotaur Fighter on Feb 1, 2023.
             Slain by Duvessa
             ... wielding a +3 short sword of draining
              (1 damage)
             ... on level 4 of the Dungeon.
             The game lasted 00:05:34 (2263 turns).

bmack86 the Chopper (Minotaur Fighter)              Turns: 2263, Time: 00:05:35

HP:   0/43 (47)     AC:  7    Str: 22    XL:     5   Next: 68%
MP:   4/4           EV:  9    Int:  5    God:
Gold: 177           SH:  4    Dex: 10    Spells: 4/4 levels left

rFire   . . .      SeeInvis .    i - +3 war axe (elec)
rCold   . . .      Faith    .    c - +0 buckler
rNeg    . . .      Spirit   .    b - +0 scale mail
rPois   .          Reflect  .    (helmet restricted)
rElec   .          Harm     .    (no cloak)
rCorr   .          Rampage  .    (no gloves)
Will    +....                    (no boots) Stlth
                                 h - amulet of the acrobat
HPRegen 0.27/turn                g - ring of flight
MPRegen 0.09/turn                n - ring of willpower

@: flying, drained
A: horns 2, retaliatory headbutt
a: no special abilities


You were on level 4 of the Dungeon.
You visited 1 branch of the dungeon, and saw 4 of its levels.

You collected 177 gold pieces.

Inventory:

Hand Weapons
 a - a +1 war axe
 i - a +3 war axe of electrocution (weapon)
Missiles
 e - 2 boomerangs (quivered)
Armour
 b - a +0 scale mail (worn)
 c - a +0 buckler (worn)
Jewellery
 g - a ring of flight (left hand)
 h - an amulet of the acrobat (around neck)
 n - a ring of willpower (right hand)
Wands
 v - a wand of iceblast (8)
Scrolls
 f - a scroll of noise
 l - a scroll of magic mapping
 m - a scroll of fog {unknown}
 r - a scroll of brand weapon {unknown}
 t - a scroll of fear {unknown}
 w - a scroll of teleportation {unknown}
Potions
 d - 2 potions of might
 j - a potion of attraction {unknown}
 k - a potion of flight {unknown}
 o - a potion of mutation
 p - a potion of haste {unknown}
 q - a potion of curing {unknown}
 u - a potion of degeneration {unknown}


   Skills:
 + Level 4.5 Fighting
 * Level 4.7 Axes
 + Level 2.0 Throwing
 + Level 4.4 Armour
 + Level 4.5 Shields


You had 4 spell levels left.
You didn't know any spells.
Your spell library contained the following spells:

 Spells                   Type           Power      Damage    Failure   Level
 Magic Dart               Conj           0%         1d3       87%         1
 Searing Ray              Conj           0%         2d4       95%         2
 Fulminant Prism          Conj/Hex       0%         3d5       100%        4
 Alistair's Intoxication  Tmut/Pois      0%         N/A       100%        5
 Irradiate                Conj/Tmut      0%         3d11      100%        5
 Statue Form              Tmut/Erth      0%         N/A       100%        6


Dungeon Overview and Level Annotations

Branches:
Dungeon (4/15)
 Temple: D:4-7

Altars:
Makhleb

Annotations:
D:4 Duvessa


Innate Abilities, Weirdness & Mutations

You have a pair of horns on your head.
You reflexively headbutt those who attack you in melee.


Message History

Duvessa shouts!
You hear an angry hiss.
Dowan, Brother of Duvessa comes into view.
He is wielding a +0 dagger.
Dowan shouts!
Dowan casts a spell.
Dowan blinks!
An iguana comes into view.
A giant cockroach and a hobgoblin come into view.
Duvessa completely misses you.
You hit Duvessa but do no damage. Your headbutt misses Duvessa.
You block Duvessa's attack.
You hit Duvessa but do no damage. You closely miss Dowan.
You block Dowan's attack. You block Duvessa's attack.
You closely miss Duvessa. Your headbutt misses Duvessa. You hit Dowan.
Lightning courses through Dowan!
Dowan points at you and mumbles some strange words.
The puff of flame hits you. Duvessa hits you but does no damage.
You feel drained.
You hit Duvessa but do no damage. Lightning courses through Duvessa!!
Your headbutt misses Duvessa.
Duvessa is heavily wounded.
You slash Dowan! Lightning courses through Dowan!!
You kill Dowan!
Duvessa screams in rage.
Duvessa goes berserk!
You hit the giant cockroach.
You kill the giant cockroach!
Duvessa hits you with a +3 short sword of draining!
You feel drained.
Duvessa hits you with a +3 short sword of draining!
* * * LOW HITPOINT WARNING * * *
You feel drained.
* * * LOW HITPOINT WARNING * * *
The iguana closely misses you.
Your Throwing skill increases to level 2!
You barely miss Duvessa.
Duvessa is heavily wounded.
You hit the hobgoblin. You barely miss the iguana.
Duvessa hits you with a +3 short sword of draining!
* * * LOW HITPOINT WARNING * * *
You feel drained.
You die...

#.#..# #
#.####.#.
#........
#......##
#####'#######
#............
#.......?....
#............
#....@.......
#...leg......
#............
#............
#............
#............
.............
.#............


You could see Duvessa (berserk), an iguana and a hobgoblin.

Vanquished Creatures
  Dowan (D:4)
  An orc wizard (D:2)
  6 adders
  A worm (D:3)
  2 dart slugs (D:1)
  4 orcs
  7 endoplasms
  7 giant cockroaches
  8 goblins
  6 hobgoblins
  8 jackals
  4 kobolds
  4 quokkas
  7 ball pythons
  4 bats
  5 frilled lizards
  4 rats
79 creatures vanquished.

Vanquished Creatures (others)
  A fungus (D:2)
  11 plants (D:3)
12 creatures vanquished.

Grand Total: 91 creatures vanquished

Notes
Turn   | Place    | Note
-------+----------+-------------------------------------------
     0 | D:1      | bmack86 the Minotaur Fighter began the quest for the Orb.
     0 | D:1      | Reached XP level 1. HP: 19/19 MP: 0/0
   195 | D:1      | Reached XP level 2. HP: 17/27 MP: 1/1
   494 | D:1      | Reached XP level 3. HP: 30/33 MP: 2/2
   709 | D:1      | Got the Tome of the Gestalt
   975 | D:2      | Reached skill level 1 in Throwing
   993 | D:2      | Reached XP level 4. HP: 25/40 MP: 3/3
  1026 | D:2      | Found a faded altar of an unknown god.
  1435 | D:2      | Identified a scroll of acquirement
  1435 | D:2      | Acquired a +2 war axe of electrocution
  1748 | D:3      | Found a burning altar of Makhleb.
  1821 | D:3      | Reached XP level 5. HP: 46/46 MP: 4/4
  2255 | D:4      | Noticed Duvessa
  2256 | D:4      | Noticed Dowan
  2262 | D:4      | Killed Dowan
  2263 | D:4      | HP: 1/45 [Duvessa/+3 short sword of draining (7)]
  2263 | D:4      | Slain by Duvessa

Illustrated notes

Levels and vault maps discovered:
D:1:      dpeg_arrival_tiny_h, layout_basic, minmay_split_cup_large
D:2:      wander_river, layout_rooms,
          hellmonk_ecumenical_altar_pennies_from_heaven,
          dreamdust_mushroom_princess
D:3:      layout_loops_cross, lightli_temple_of_fire, serial_bayou,
          serial_bayou_pond_e, serial_bayou_lake_a, serial_bayou_crossing,
          serial_bayou_shore_a, minivault_14
D:4:      minmay_door_path, layout_basic, gammafunk_temple_overflow_elements,
          grunt_decor_cap, hangedman_decor_clover_reticule, uniq_duvessa

Skill      XL: |  1  2  3  4  5 |
---------------+----------------+-----
Axes           | 3 4 |  4.7
Shields        | 4 |  4.5
Throwing       | 1 2 |  2.0
Fighting       | 4 |  4.5
Armour         | 4 |  4.4

Action                     |  1- 3 |  4- 6 || total
---------------------------+-------+-------++-------
  Melee: War axe           |    60 |    75 ||   135
         Headbutt          |     5 |     7 ||    12
  Throw: Boomerang         |     3 |       ||     3
    Use: Scroll            |     2 |     4 ||     6
 Armour: Scale mail        |    34 |    20 ||    54
  Dodge: Dodged            |    36 |    51 ||    87
  Block: Buckler           |     9 |    15 ||    24

Table legend: (Time is in decaauts)
 A = Elapsed time spent in this place.
 B = Non-inter-level travel time spent in this place.
 C = Inter-level travel time spent in this place.
 D = Time resting spent in this place.
 E = Time spent auto-exploring this place.
 F = Levels seen in this place.
 G = Mean time per level.
                   A        B        C        D        E       F      G
               +--------+--------+--------+--------+--------+-----+--------+
         Total |   2308 |   2274 |     34 |      0 |   1595 |   4 |  577.0 |
       Dungeon |   2308 |   2274 |     34 |      0 |   1595 |   4 |  577.0 |
               +--------+--------+--------+--------+--------+-----+--------+

Top non-repeatable levels by time:
     D:1: 918 daAuts
     D:3: 814 daAuts
     D:2: 551 daAuts
     D:4: 24 daAuts
